 Dungeon Crawl Stone Soup version 0.23.0-3-gf3c87f2 (webtiles) character file.

Game seed: 3003386051948982792

23 burningshadow802 the Ruffian (level 2, -1/23 HPs)
             Began as a Draconian Transmuter on Feb 20, 2019.
             Slain by a worm (6 damage)
             ... on level 2 of the Dungeon.
             The game lasted 00:25:45 (1943 turns).

burningshadow802 the Ruffian (Draconian Transmuter) Turns: 1943, Time: 00:25:46

Health: -1/23      AC:  7    Str: 12    XL:     2   Next: 72%
Magic:  0/5        EV: 12    Int: 13    God:
Gold:   76         SH:  0    Dex: 11    Spells: 4/5 levels left

rFire    + . .     SeeInvis .   h - +0 spear
rCold    x . .     Gourm    .   (no shield)
rNeg     . . .     Faith    .   (armour unavailable)
rPois    .         Spirit   +   (helmet restricted)
rElec    .         Reflect  .   (no cloak)
rCorr    .         Harm     .   (no gloves)
MR       .....                  n - +2 pair of boots
Stlth    +.........             f - amulet of guardian spirit
HPRegen  0.07/turn              i - ring of fire
MPRegen  0.09/turn              (no ring)

@: no status effects
A: unfitting armour, cold-blooded, AC +4
a: no special abilities


You were on level 2 of the Dungeon.
You were not hungry.

You visited 1 branch of the dungeon, and saw 2 of its levels.

You collected 76 gold pieces.

Inventory:

Hand Weapons
 h - a +0 spear (weapon)
Missiles
 a - 35 arrows
Armour
 n - a +2 pair of boots (worn)
Jewellery
 f - an amulet of guardian spirit (around neck)
 i - a ring of fire (left hand)
Scrolls
 j - a scroll of identify
 k - 3 scrolls of remove curse
 l - a scroll of enchant weapon
Potions
 b - a potion of curing {unknown}
 d - a potion of invisibility {unknown}
 e - a potion of resistance {unknown}
 m - a potion of heal wounds {unknown}
Comestibles
 c - 4 rations


   Skills:
 + Level 1.3 Fighting
 + Level 2.0 Dodging
 + Level 0.2 Stealth
 + Level 3.5 Unarmed Combat
 + Level 2.2 Spellcasting
 + Level 2.0 Transmutations


You had 4 spell levels left.
You knew the following spells:

 Your Spells              Type           Power        Failure   Level  Hunger
a - Beastly Appendage     Tmut           #.....       11%         1    ##.....

Your spell library contained the following spells:

 Spells                   Type           Power        Failure   Level  Hunger
 Sticks to Snakes         Tmut           #.......     16%         2    ###....
 Spider Form              Tmut/Pois      #.........   45%         3    ####...
 Ice Form                 Ice/Tmut       #.......     86%         4    #####..
 Blade Hands              Tmut           #.........   96%         5    ######.


Dungeon Overview and Level Annotations

Branches:
Dungeon (2/15)

Altars:


Innate Abilities, Weirdness & Mutations

Your plain brown scales are hard. (AC +4)
You cannot fit into any form of body armour.
You are cold-blooded and may be slowed by cold attacks.


Message History

A worm comes into view.
You hit the worm but do no damage. The worm closely misses you.
You hit the worm but do no damage. The worm bites you!
The worm barely misses you. The worm bites you.
You barely miss the worm. You barely miss the worm.
The worm bites you but does no damage.
You hit the worm.
The worm is moderately wounded.
The worm bites you.
You hit the worm.
The worm is moderately wounded.
You hit the worm.
The worm is severely wounded.
The worm bites you.
* * * LOW HITPOINT WARNING * * *
You hit the worm.
The worm is severely wounded.
The worm bites you!
You die...

....######.#.#...####.........###
........##.#.##.## ##.......###.
.##.###.##.#.##.# ##.....## #.
.##.# #.##.#..#.## ##...## #.
.##.# #.##.......# ##'## #. ....#
#.##.......##### #.# #. ..###
#.###.#.##.#...# #.# #. ..#####.#
#.#......#.# ##.### #. ........#
#.####@#...###....## #. #.#######
#. #w##.###..###.###. #.# #.
#.##.# ##.# #..... #.# #.
..##.####.###.#### ..#
#####.........## ### ###########


You could see a worm.

Vanquished Creatures
  2 leopard geckos (D:1)
  2 giant cockroaches (D:1)
  2 goblins (D:1)
  3 hobgoblins (D:1)
  3 jackals (D:2)
  A ball python (D:1)
  A bat (D:2)
  3 kobolds (D:1)
  2 rats
19 creatures vanquished.

Notes
Turn   | Place    | Note
-------+----------+-------------------------------------------
     0 | D:1      | burningshadow802 the Draconian Transmuter began the quest
                  | for the Orb.
     0 | D:1      | Reached XP level 1. HP: 16/16 MP: 3/3
   700 | D:1      | Reached XP level 2. HP: 18/23 MP: 5/5
  1943 | D:2      | Slain by a worm

Skill      XL: |  1  2 |
---------------+-------+-----
Dodging        | 2 |  2.0
Fighting       | |  1.3
Stealth        | |  0.2
Unarmed Combat | |  3.5
Spellcasting   | |  2.2
Transmutations | |  2.0

Action                   || total
-------------------------++-------
Melee: Unarmed           ||    42
       Tailslap          ||     9
       Punch             ||     2
       Spear             ||    68
  Use: Scroll            ||     5
       Potion            ||     1
 Stab: Sleeping          ||     1
  Eat: Ration            ||     1
Armor: Skin              ||    37
Dodge: Dodged            ||   112
